AoeStats
← Rafelso

African Clearing

505506629Analyzed
3v3 RM · 24d ago on Sep 9, 2026· 37m 54s· 6 players
Game mode
Random Map
Map size
Normal (6 player)
Population
200
Speed
Normal
Resources
Standard
Victory
Conquest
Starting age
Dark Age
Ending age
Imperial Age
RankedLock teamsTeams togetherTeam positionsShared explorationLock speedFull tech treeHidden civsTurbo modeCheats
Victory
Defeat
🇫🇷 Poles · France
1618
+15
🇫🇷 Maya · France
1613
+15
🇫🇷 Franks · France
1431
+24
🇩🇪 Persians · Germany
1622
-19
🇩🇪 Bengalis · Germany
1600
-18
🇨🇳 Sicilians · China
1568
-17
PironovskyII
9:48 Loom
11:59 Feudal Age
13:06 Double-Bit Axe
13:23 Town Watch
27:12 Castle Age
27:02 Scale Barding Armor
27:41 Light Cavalry
29:02 Forging
32:37 Wheelbarrow
38:22 Imperial Age
Le_groOumf
13:18 Feudal Age
17:11 Castle Age
15:06 Double-Bit Axe
16:31 Bloodlines
16:30 Scale Barding Armor
17:40 Horse Collar
23:26 Loom
30:28 Chain Barding Armor
31:27 Bow Saw
32:59 Scale Mail Armor
33:56 Chain Mail Armor
35:35 Arson
36:15 Heavy Plow
36:54 Wheelbarrow
Rafelso
3:38 Loom
7:40 Loom
11:56 Feudal Age
12:28 Double-Bit Axe
14:04 Fletching
26:01 Castle Age
26:34 Town Watch
26:45 Bodkin Arrow
26:11 Crossbowman
27:16 Bow Saw
28:49 Ballistics
28:58 Horse Collar
35:14 Wheelbarrow
37:54 Squires
38:40 Hand Cart
Matzeking
8:11 Loom
11:56 Feudal Age
13:34 Fletching
27:42 Castle Age
25:53 Double-Bit Axe
26:28 Gold Mining
26:26 Horse Collar
28:27 Bow Saw
eXitDenDoc
4:16 Loom
12:43 Feudal Age
17:45 Castle Age
15:51 Double-Bit Axe
17:42 Gold Mining
19:05 Bow Saw
20:09 Sanctity
20:07 Pikeman
26:45 Redemption
26:34 Horse Collar
29:30 Scale Mail Armor
31:38 Forging
32:26 Wheelbarrow
33:32 Iron Casting
33:13 Heavy Plow
34:10 Hand Cart
35:31 Bloodlines
39:31 Imperial Age
37:14 Husbandry
38:09 Scale Barding Armor
Long-Long-Way
12:36 Loom
15:22 Feudal Age
17:33 Double-Bit Axe
19:51 Castle Age
19:05 Scale Barding Armor
19:44 Forging
21:35 Chain Barding Armor
Connection lost

Rejoining the realm…

Still unreachable

The connection could not be restored.

Session expired

The server has moved on; the page needs a fresh start.